 Dungeon Crawl Stone Soup version 0.21.0-3-g78d12a8 (webtiles) character file.

38105 zhorgal the Cleaver (level 13, -26/123 HPs)
             Began as a Deep Dwarf Fighter on Jan 11, 2018.
             Was a High Priest of Makhleb.
             Killed from afar by Frances (33 damage)
             ... with an iron shot
             ... on level 12 of the Dungeon on Jan 12, 2018.
             The game lasted 01:38:23 (16264 turns).

zhorgal the Cleaver (Deep Dwarf Fighter)           Turns: 16264, Time: 01:38:23

Health: -26/123    AC: 19    Str: 26    XL:     13   Next: 62%
Magic:  12/12      EV: 10    Int: 16    God:    Makhleb [*****.]
Gold:   1196       SH: 10    Dex: 12    Spells: 8/12 levels left

rFire    + . .     SeeInvis .   b - +3 war axe (elec)
rCold    . . .     Gourm    .   c - +0 shield
rNeg     . . .     Faith    +   X - +1 plate armour of Juqace {rPois rF+ Int+5}
rPois    +         Spirit   .   e - +0 helmet
rElec    .         Reflect  .   (no cloak)
rCorr    .         Harm     .   F - +0 pair of gloves
MR       +....                  (no boots)
Stlth    ..........             o - amulet of faith
HPRegen  0.00/turn              w - +3 ring of strength
MPRegen  0.13/turn              B - ring of poison resistance

@: berserk cooldown, non-regenerating, slowed, very slow
A: damage resistance, heal wounds, sense surroundings 2, no regeneration
a: Heal Wounds, Minor Destruction, Lesser Servant of Makhleb, Major Destruction,
Greater Servant of Makhleb, Renounce Religion


You were on level 12 of the Dungeon.
You worshipped Makhleb.
Makhleb was extremely pleased with you.
You were hungry.

You visited 3 branches of the dungeon, and saw 20 of its levels.

You collected 1196 gold pieces.

Inventory:

Hand Weapons
 b - a +3 war axe of electrocution (weapon)
 Y - a +0 battleaxe of freezing
Missiles
 t - 2 tomahawks of returning
 N - 2 javelins of returning (quivered)
Armour
 c - a +0 shield (worn)
 e - a +0 helmet (worn)
 i - a +4 ring mail
 F - a +0 pair of gloves (worn)
 X - the +1 plate armour of Juqace (worn) {rPois rF+ Int+5}
   (You found it on level 6 of the Lair of Beasts)

   It affects your intelligence (+5).
   It protects you from fire.
   It protects you from poison.
Jewellery
 d - an uncursed amulet of guardian spirit
 o - an amulet of faith (around neck)
 q - a +2 ring of strength
 v - an uncursed ring of protection from fire
 w - a +3 ring of strength (left hand)
 B - a ring of poison resistance (right hand)
 W - an uncursed ring of magical power
Wands
 a - a wand of scattershot (4)
 h - a wand of enslavement (12)
 y - a wand of iceblast (9)
 O - a wand of acid (14)
Scrolls
 g - 4 scrolls of identify
 j - 6 scrolls of amnesia
 k - 18 scrolls of teleportation
 l - 13 scrolls of remove curse
 m - 5 scrolls of magic mapping
 s - 2 scrolls of immolation
 u - a scroll of silence
 E - 6 scrolls of enchant armour
 J - a scroll of fear
 L - a scroll of enchant weapon
 M - 5 scrolls of fog
Potions
 n - 6 potions of magic
 p - 2 potions of haste
 r - 6 potions of curing
 x - 4 potions of brilliance
 z - a potion of lignification
 A - a potion of ambrosia
 C - 5 potions of flight
 K - 6 potions of heal wounds
 Q - a potion of mutation
 V - 2 potions of cancellation
Books
 D - a book of Air

   Spells                             Type                      Level
   a - Shock                          Conjuration/Air              1
   b - Swiftness                      Charms/Air                   2
   c - Static Discharge               Conjuration/Air              3
   d - Airstrike                      Air                          4
   e - Lightning Bolt                 Conjuration/Air              5
 G - a book of Death

   Spells                             Type                      Level
   a - Corpse Rot                     Necromancy                   2
   b - Sublimation of Blood           Necromancy                   2
   c - Agony                          Necromancy                   5
   d - Dispel Undead                  Necromancy                   5
   e - Excruciating Wounds            Charms/Necromancy            5
   f - Bolt of Draining               Conjuration/Necromancy       5
 I - a book of Party Tricks

   Spells                             Type                      Level
   a - Summon Butterflies             Summoning                    1
   b - Apportation                    Translocation                1
   c - Lesser Beckoning               Translocation                3
   d - Tukima's Dance                 Hexes                        3
   e - Alistair's Intoxication        Transmutation/Poison         5
   f - Invisibility                   Hexes                        6
 S - the Handbook of the Venomous Rocks
   (You found it on level 6 of the Lair of Beasts)

   Spells                             Type                      Level
   a - Passwall                       Transmutation/Earth          2
   b - Stone Arrow                    Conjuration/Earth            3
   c - Olgreb's Toxic Radiance        Poison                       4
   d - Petrify                        Transmutation/Earth          4
   e - Statue Form                    Transmutation/Earth          6
 U - a book of Debilitation

   Spells                             Type                      Level
   a - Corona                         Hexes                        1
   b - Slow                           Hexes                        2
   c - Inner Flame                    Hexes/Fire                   3
   d - Portal Projectile              Hexes/Translocation          3
   e - Cause Fear                     Hexes                        4
   f - Leda's Liquefaction            Hexes/Earth                  4
 Z - a book of Cantrips

   Spells                             Type                      Level
   a - Confusing Touch                Hexes                        1
   b - Animate Skeleton               Necromancy                   1
   c - Summon Small Mammal            Summoning                    1
   d - Apportation                    Translocation                1
Miscellaneous
 P - a fan of gales
 R - a phial of floods
Comestibles
 f - 38 rations
 T - 2 chunks of flesh


   Skills:
 + Level 10.0 Fighting
 + Level 12.9 Axes
 + Level 11.7 Armour
 + Level 11.3 Dodging
 - Level 3.2 Shields
 + Level 9.0 Invocations
 - Level 10.0 Evocations


You had 8 spell levels left.
You knew the following spells:

 Your Spells              Type           Power        Failure   Level  Hunger
a - Passwall              Tmut/Erth      #.........   100%        2    ###....
b - Summon Butterflies    Summ           #.......     100%        1    ##.....
c - Apportation           Tloc           #.....       100%        1    ##.....


Dungeon Overview and Level Annotations

Branches:
Dungeon (13/15)            Temple (1/1) D:5            Lair (6/6) D:8
  Swamp (0/4) Lair:3        Snake (0/4) Lair:2        Slime (0/5) Lair:6
    Orc: D:9-12      Vaults: D:13-14

Altars:
Ashenzari
Cheibriados
Dithmenos
Elyvilon
Fedhas
Gozag
Hepliaklqana
Kikubaaqudgha
Makhleb
Nemelex Xobeh
Okawaru
Qazlal
Ru
Sif Muna
Trog
Uskayaw
Vehumet
Wu Jian
Xom
Yredelemnul
Zin
The Shining One

Shops:
D:9 (

Annotations:
D:3 exclusion: downstairs
D:4 exclusion: door, skk's ghost, novice BaAM
D:5 exclusion: upstairs
D:6 ahub's ghost, novice MiFi
D:9 Prince Ribbit
D:10 3 runed doors, exclusion: orange crystal statue
D:12 Frances
Lair:3 3 exclusions
Lair:4 1 runed door
Lair:5 exclusion: electric eel


Innate Abilities, Weirdness & Mutations

You are resistant to damage.
You can heal yourself by infusing magical energy.
You passively map the area around you.
You do not regenerate.


Message History

Frances mutters in a terrible tongue.
The iron shot hits you! The sixfirhy hits you. The sixfirhy shocks you!
Frances chants phrases taken from a devil's mouth.
The iron shot hits you!
* * * LOW HITPOINT WARNING * * *
You block the ice devil's attack.
Frances hits you with a mace of protection!
* * * LOW HITPOINT WARNING * * *
You take 107 damage, and have 7/123 hp.
MASSIVE DAMAGE!!
You hit Frances but do no damage.
You hit the soul eater but do no damage.
Lightning courses through the soul eater!
You hit the ice devil but do no damage.
You are feeling hungry.
The sixfirhy hits you but does no damage.
You block the sixfirhy's attack.
The ice devil hits you but does no damage.
Frances whispers indecipherable words.
The iron shot hits you!
You die...

* , , * * ,, * * **
### #. #....., * ,*
*##.#..#,# * , ,
,,.....#.## .#
#######.##.#..##.# *
.......43......... ,,
, * ####..@@..##..##.
* ,
........3.....+... ,
* ###.#..###........,
* , ...... #........
*** #######*
#........ *, ,
#........ * * *
#########..........#
#.......#..........##
#.......#........[..#
*


You could see Frances, a soul eater, an ice devil and a sixfirhy.

Vanquished Creatures
  Josephine (D:11)
  Erolcha (D:9)
  A hydra (D:13)
  A merfolk avatar (Lair:6)
  A catoblepas (Lair:6)
  A sea snake (Lair:6)
  Pikel (D:5)
  2 slime creatures (D:9)
  3 cyclopes
  6 elephants
  3 black mambas
  A manticore (Lair:6)
  A centaur skeleton (D:11)
  2 rime drakes
  11 spiny frogs
  5 komodo dragons (Lair:6)
  An efreet (D:13)
  4 trolls
  2 polar bears (Lair:6)
  3 wind drakes (Lair:6)
  19 blink frogs
  2 hornets
  8 hippogriffs
  A spriggan (D:7)
  A shadow (D:12)
  9 wyverns
  22 yaks
  2 basilisks
  The ghost of Daviar the Chopper, an amateur HOFi (D:3)
  3 wraiths (D:11)
  2 hungry ghosts
  Menkaure (D:6)
  15 water moccasins
  5 porcupines
  4 orc warriors
  3 sky beasts
  2 black bears
  An ice beast (D:11)
  4 ogres
  9 centaurs
  9 wolves
  2 big kobolds
  7 crocodiles
  18 bullfrogs
  A wyvern zombie (D:6)
  5 scorpions
  18 killer bees
  6 wights (D:11)
  2 howler monkeys (D:7)
  3 electric eels (D:11)
  9 crimson imps
  A centaur zombie (D:7)
  A quasit (D:8)
  A bullfrog zombie (D:11)
  3 jellies
  10 orc priests
  8 hounds
  7 orc wizards
  3 iguanas
  Ijyb (D:4)
  11 worker ants
  A killer bee zombie (D:6)
  A hound zombie (D:9)
  A hound skeleton (D:6)
  2 worker ant zombies
  18 adders
  6 shadow imps
  2 oozes (D:2)
  An adder skeleton (D:5)
  3 worms
  2 dart slugs
  4 leopard geckos
  52 orcs
  5 ball pythons
  7 giant cockroaches
  8 goblins
  12 hobgoblins
  10 jackals
  12 kobolds
  8 quokkas
  6 bats
  3 frilled lizards
  A jackal skeleton (D:4)
  2 quokka skeletons (D:6)
  8 rats
  8 fungi
  9 plants
483 creatures vanquished.

Vanquished Creatures (others)
  A slave (D:5)
  A bullfrog zombie (D:5)
  An iron imp (D:5)
  An ooze (D:5)
  A quokka (D:5)
  11 fungi
  19 plants
35 creatures vanquished.

Grand Total: 518 creatures vanquished

Notes
Turn   | Place    | Note
-------+----------+-------------------------------------------
     0 | D:1      | zhorgal the Deep Dwarf Fighter began the quest for the Orb.
     0 | D:1      | Reached XP level 1. HP: 20/20 MP: 1/1
   201 | D:1      | Reached skill level 3 in Axes
   201 | D:1      | Reached XP level 2. HP: 25/27 MP: 2/2
   669 | D:1      | Reached XP level 3. HP: 24/33 MP: 3/3
   996 | D:2      | Reached skill level 4 in Axes
  1041 | D:2      | Found a deep blue altar of Sif Muna.
  1470 | D:2      | Reached XP level 4. HP: 29/40 MP: 4/4
  1611 | D:3      | Found a radiant altar of Vehumet.
  1640 | D:3      | Reached skill level 5 in Axes
  1816 | D:3      | Found a stormy altar of Qazlal.
  1821 | D:3      | Noticed Daviar's ghost (amateur HOFi)
  2007 | D:3      | HP: 1/40 [Daviar's ghost (4)]
  2008 | D:3      | Killed Daviar's ghost
  2008 | D:3      | Reached skill level 1 in Dodging
  2008 | D:3      | Reached XP level 5. HP: 1/49 MP: 5/5
  2169 | D:3      | Found a basalt altar of Yredelemnul.
  2259 | D:4      | Noticed an ogre
  2368 | D:4      | Noticed Ijyb
  2391 | D:4      | Killed Ijyb
  2391 | D:4      | Reached XP level 6. HP: 31/56 MP: 6/6
  2637 | D:4      | Noticed skk's ghost (novice BaAM)
  2740 | D:5      | Entered Level 5 of the Dungeon
  2740 | D:5      | Noticed Pikel
  2740 | D:5      | Noticed a slave
  2741 | D:5      | Found a snail-covered altar of Cheibriados.
  2751 | D:5      | Noticed a slave
  2753 | D:5      | Noticed a slave
  2762 | D:5      | Noticed a slave
  2798 | D:5      | Killed Pikel
  2798 | D:5      | Reached skill level 6 in Axes
  2798 | D:5      | Reached skill level 5 in Armour
  2798 | D:5      | Reached XP level 7. HP: 42/64 MP: 6/6
  2925 | D:5      | Reached XP level 8. HP: 58/73 MP: 6/6
  2970 | D:5      | Reached skill level 7 in Axes
  3129 | D:5      | Found a staircase to the Ecumenical Temple.
  3135 | Temple   | Entered the Ecumenical Temple
  3389 | D:5      | Reached skill level 5 in Fighting
  3640 | D:4      | Reached skill level 5 in Dodging
  3860 | D:6      | Noticed ahub's ghost (novice MiFi)
  4054 | D:6      | Found a hide-covered altar of Uskayaw.
  4067 | D:6      | Noticed a hand axe
  4067 | D:6      | Noticed a hand axe
  4906 | D:6      | Noticed Menkaure
  4980 | D:6      | Killed Menkaure
  5085 | D:6      | Found a sacrificial altar of Ru.
  5216 | D:6      | Gained mutation: You passively map the area around you. [Deep Dwarf growth]
  5216 | D:6      | Reached XP level 9. HP: 63/82 MP: 6/6
  5401 | D:7      | Reached skill level 8 in Axes
  6507 | D:8      | Noticed a cyclops
  6541 | D:8      | Killed a cyclops
  6626 | D:8      | Reached skill level 9 in Axes
  6735 | D:8      | Reached skill level 1 in Evocations
  6869 | D:8      | Reached XP level 10. HP: 52/92 MP: 6/6
  7473 | D:8      | Reached skill level 5 in Evocations
  7898 | D:8      | Found a staircase to the Lair.
  8008 | D:9      | Found Cazeyvar's Weapon Emporium.
  8102 | D:9      | Noticed Erolcha
  8117 | D:9      | Killed Erolcha
  8117 | D:9      | Reached skill level 10 in Axes
  8196 | D:9      | Found a shattered altar of Ashenzari.
  8196 | D:9      | Found a burning altar of Makhleb.
  8200 | D:9      | Became a worshipper of Makhleb the Destroyer
  8218 | D:9      | Noticed Prince Ribbit
  8332 | Lair:1   | Entered Level 1 of the Lair of Beasts
  8972 | Lair:1   | Reached XP level 11. HP: 68/100 MP: 10/10
  9142 | Lair:2   | Reached * piety under Makhleb
  9177 | Lair:2   | Found a staircase to the Snake Pit.
 10014 | Lair:3   | Reached skill level 10 in Evocations
 10093 | Lair:3   | Found a staircase to the Swamp.
 10539 | Lair:4   | Reached skill level 1 in Invocations
 10574 | Lair:4   | Reached skill level 11 in Axes
 10623 | Lair:4   | Reached ** piety under Makhleb
 10934 | Lair:4   | Found a runed door.
 11453 | Lair:5   | Reached XP level 12. HP: 97/111 MP: 11/11
 11673 | Lair:5   | Reached skill level 10 in Armour
 11767 | Lair:5   | Found a burning altar of Makhleb.
 11928 | Lair:5   | Reached *** piety under Makhleb
 11934 | Lair:5   | Reached skill level 5 in Invocations
 12397 | Lair:6   | Entered Level 6 of the Lair of Beasts
 12420 | Lair:6   | Identified the Handbook of the Venomous Rocks
 12425 | Lair:6   | Learned a level 2 spell: Passwall
 12427 | Lair:6   | Learned a level 1 spell: Summon Butterflies
 12429 | Lair:6   | Learned a level 1 spell: Apportation
 12709 | Lair:6   | Reached skill level 10 in Dodging
 12753 | Lair:6   | Reached skill level 12 in Axes
 12874 | Lair:6   | Noticed a catoblepas
 12893 | Lair:6   | Killed a catoblepas
 12934 | Lair:6   | Found a staircase to the Slime Pits.
 12964 | Lair:6   | Reached **** piety under Makhleb
 13239 | Lair:6   | Reached XP level 13. HP: 116/121 MP: 12/12
 13416 | Lair:6   | Identified the +1 plate armour of Juqace {rPois rF+ Int+5} (You found it on level 6 of the Lair of Beasts)
 14214 | D:9      | Found a blossoming altar of Fedhas.
 14390 | D:10     | Entered Level 10 of the Dungeon
 14410 | D:10     | Reached ***** piety under Makhleb
 14564 | D:10     | Found a runed door.
 14723 | D:10     | You fall through a shaft for 3 floors!
 15061 | D:10     | Found a runed door.
 15069 | D:10     | Found a runed door.
 15085 | D:10     | Found a runed door.
 15849 | D:11     | Noticed Josephine
 15858 | D:11     | Killed Josephine
 15858 | D:11     | Reached skill level 10 in Fighting
 16248 | D:12     | Noticed Frances
 16264 | D:12     | Killed from afar by Frances

Skill      XL: |  1  2  3  4  5  6  7  8  9 10 11 12 13 |
---------------+----------------------------------------+-----
Axes           | 3 4 5 6 7 9 10 11 12 | 12.9
Fighting       | 3 4 5 6 7 8 9 10 | 10.0
Dodging        | 1 2 3 4 5 7 9 10 11 | 11.3
Armour         | 4 5 6 8 9 11 | 11.7
Evocations     | 2 8 10 | 10.0
Invocations    | 3 7 9 |  9.0
Shields        | |  3.2

Action                   |  1- 3 |  4- 6 |  7- 9 | 10-12 | 13-15 || total
-------------------------+-------+-------+-------+-------+-------++-------
Melee: War axe           |   118 |   156 |   510 |   812 |   397 ||  1993
Invok: Minor Destruction |       |       |       |     1 |     9 ||    10
 Abil: Heal Wounds       |       |     4 |    11 |    28 |       ||    43
Evoke: Wand              |       |       |     1 |     4 |     6 ||    11
  Use: Potion            |       |     2 |       |       |     1 ||     3
       Scroll            |       |       |    14 |     7 |     3 ||    24
 Stab: Paralysed         |       |       |     3 |       |       ||     3
       Distracted        |       |       |       |     1 |       ||     1
  Eat: Chunk             |     2 |     4 |    14 |    24 |    12 ||    56
Armor: Scale mail        |    49 |    34 |       |       |       ||    83
       Chain mail        |       |    24 |   177 |   186 |       ||   387
       Ring mail         |       |       |       |    83 |     2 ||    85
       Plate armour      |       |       |       |       |   140 ||   140
Dodge: Dodged            |    50 |    34 |   148 |   308 |   126 ||   666
Block: Shield            |    49 |    69 |   247 |   351 |   180 ||   896
